Map: Ley Lines

Players

SubN - Winner!

  • Race: Zerg Zerg
  • League: Diamond
  • Spawn Location: 7:00

Cheabs

  • Race: Zerg Zerg
  • League: Diamond
  • Spawn Location: 1:00

VOD

Have the link to the VOD?

Description

Time

  • Played on: July 22, 2025, 1:57 p.m.
  • Length: 3:12
Show
View Real Time Build Order
Export as new Build Order

SubN Zerg - Winner!

Build Orders: Pool First 

Get SALT Encoding   

  12  0:00  Drone  
  13  0:08  Drone  
  13  0:11  Extractor  
  13  0:29  Spawning Pool  
  12  0:55  Hatchery  
  11  1:15  Queen  
  13  1:29  Metabolic Boost  
  13  1:36  Overlord  
  13  1:41  Zergling x2  
  14  1:56  Zergling x4  
  14  2:00  Zergling x2  
  17  2:08  Zergling x2  
  18  2:13  Zergling x2  
  19  2:19  Zergling x2  
  20  2:25  Zergling x6  
  23  2:36  Zergling x4  
  25  2:50  Zergling x6  
Show
View Real Time Build Order
Export as new Build Order

Cheabs Zerg 

Build Orders: Hatch First 

Get SALT Encoding   

  12  0:00  Drone  
  13  0:09  Drone  
  14  0:14  Extractor  
  14  0:16  Drone  
  15  0:23  Overlord  
  15  0:44  Hatchery  
  15  0:47  Drone  
  15  0:52  Drone, Extractor  
  15  1:08  Spawning Pool  
  15  1:10  Drone  
  15  1:15  Drone  
  16  1:18  Drone  
  16  1:23  Drone  
  18  1:37  Drone  
  19  1:56  Zergling x6  
  19  1:59  Queen  
  24  2:06  Zergling x2  
  25  2:09  Zergling x2  
  26  2:17  Zergling x4  
  28  2:28  Overlord  
  28  2:30  Overlord  
  28  2:45  Overlord  
  28  2:46  Overlord  
Tags
 
Matchup
ZvZ
Race
Zerg
Replay Pack
Multiplayer
Spawn Locations
Cross Positions
Add a new tag
Caveats
  • Supply blocks, unpowered buildings, or Contaminate may cause inaccurate times.
  • Supply counts are checked every 10 seconds.